Map: Ruines d’Endion

Players

zidar

  • Race: Zerg Zerg
  • League: Gold
  • Spawn Location: 5:00

Isegrim - Winner!

  • Race: Protoss Protoss
  • Spawn Location: 7:00

VOD

Have the link to the VOD?

Description

Time

  • Played on: June 20, 2016, 2:27 p.m.
  • Length: 10:34
Show
View Real Time Build Order
Export as new Build Order

zidar Zerg 

Build Orders: Pool First 

Get SALT Encoding   

  12  0:02  Drone  
  13  0:12  Overlord  
  13  0:18  Drone  
  14  0:31  Drone x2  
  16  0:44  Spawning Pool  
  16  0:47  Drone  
  16  1:17  Hatchery  
  16  1:18  Drone  
  16  1:20  Extractor  
  16  1:21  Drone  
  16  1:33  Queen  
  18  1:40  Drone  
  18  1:46  Overlord  
  19  1:50  Drone  
  20  2:07  Drone  
  21  2:09  Queen  
  22  2:20  Drone x2  
  24  2:23  Metabolic Boost  
  24  2:30  Overlord  
  24  2:34  Drone  
  25  2:41  Drone x2  
  27  2:55  Zergling x8  
  27  2:58  Zergling x2  
  32  3:22  Spore Crawler  
  32  3:26  Spore Crawler  
  30  3:29  Extractor  
  30  3:32  Pneumatized Carapace  
  29  3:38  Zergling x4  
  29  3:39  Zergling x10  
  36  3:54  Roach Warren  
  35  3:56  Drone  
  35  3:57  Overlord  
  35  3:58  Overlord  
  36  4:20  Lair  
  36  4:33  Drone x6  
  42  4:41  Drone  
  42  4:42  Drone x2  
  42  5:46  Overlord x2  
  42  5:47  Overlord x2  
  35  6:00  Queen  
  32  6:21  Hydralisk Den  
  31  6:33  Drone x2  
  31  6:34  Drone x8  
  41  6:50  Hydralisk x5  
  51  7:10  Overlord x4  
  51  7:11  Overlord x2  
  40  7:33  Hydralisk x4  
  48  7:48  Hydralisk x5  
  58  7:53  Spawning Pool  
  41  8:26  Hydralisk x4  
  41  8:27  Hydralisk x3  
  53  8:43  Queen  
  53  8:45  Hydralisk  
  53  8:46  Hydralisk  
  59  8:54  Extractor  
  58  8:58  Extractor  
  58  9:00  Extractor  
  56  9:03  Zergling x8  
  60  9:15  Hydralisk  
  62  9:18  Zergling x2  
  62  9:19  Zergling x6  
  66  9:31  Hydralisk x2  
  66  9:33  Zergling x2  
  71  9:41  Zergling x2  
  71  9:42  Zergling x6  
  75  9:50  Overlord  
  75  9:51  Overlord  
  75  10:05  Overlord  
  75  10:06  Overlord x2  
Show
View Real Time Build Order
Export as new Build Order

Isegrim Protoss - Winner!

Build Orders:  

Get SALT Encoding   

  12  0:02  Probe (Chrono Boost)  
  13  0:12  Probe (Chrono Boost)  
  14  0:22  Pylon  
  14  0:25  Probe (Chrono Boost)  
  15  0:31  Assimilator  
  15  0:40  Probe (Chrono Boost)  
  16  0:46  Gateway  
  16  0:51  Probe (Chrono Boost)  
  17  1:01  Probe (Chrono Boost)  
  18  1:05  Assimilator  
  18  1:12  Probe (Chrono Boost)  
  19  1:22  Probe (Chrono Boost), Pylon  
  20  1:33  Probe (Chrono Boost)  
  20  1:34  Cybernetics Core  
  20  1:39  Zealot  
  23  1:45  Probe (Chrono Boost)  
  24  1:55  Probe (Chrono Boost)  
  25  2:06  Probe (Chrono Boost)  
  26  2:16  Probe (Chrono Boost)  
  27  2:26  Stalker  
  27  2:27  Stargate  
  31  2:30  Mothership Core (Chrono Boost)  
  31  2:38  Pylon  
  31  2:48  Forge  
  31  2:56  Probe (Chrono Boost)  
  32  3:06  Probe (Chrono Boost)  
  33  3:21  Void Ray (Chrono Boost)  
  33  3:26  Protoss Air Weapons Level 1  
  37  3:28  Probe  
  38  3:39  Pylon  
  38  3:40  Probe  
  39  3:46  Stargate  
  39  4:07  Void Ray (Chrono Boost)  
  43  4:27  Nexus  
  46  4:43  Void Ray (Chrono Boost)  
  46  5:46  Void Ray (Chrono Boost)  
  39  7:49  Pylon  
  39  7:56  Nexus  
  39  8:02  Assimilator  
  39  8:03  Assimilator  
  39  8:04  Zealot, Pylon  
  39  8:05  Pylon  
  39  8:07  Pylon  
  39  8:08  Void Ray (Chrono Boost)  
  33  8:32  Mothership Core  
  35  8:37  Zealot  
  35  8:41  Forge  
  37  8:44  Gateway  
  37  8:45  Void Ray (Chrono Boost), Gateway  
  37  8:47  Gateway  
  41  9:08  Probe  
  41  9:09  Pylon  
  42  9:11  Probe  
  43  9:18  Probe  
  43  9:20  Photon Cannon x3  
  43  9:23  Probe  
  45  9:24  Photon Cannon  
  45  9:29  Probe  
  46  9:35  Probe  
  47  9:40  Probe  
  48  9:47  Probe  
  48  9:50  Probe  
  50  9:59  Probe  
  51  10:01  Probe  
  51  10:05  Robotics Facility  
  52  10:08  Twilight Council  
  52  10:11  Probe  
Tags
 
League
Gold
Matchup
PvZ
Opening
Pool First
Spawn Locations
Close Positions
Add a new tag
Caveats
  • Supply blocks, unpowered buildings, or Contaminate may cause inaccurate times.
  • Supply counts are checked every 10 seconds.